 Dungeon Crawl Stone Soup version 0.31-a0-348-g810772c3d7 (webtiles) character file.

Game seed: 9077751845208589998

1979 BritishOli the Trooper (level 9, -1/71 HPs)
             Began as a Demonspawn Fighter on July 23, 2023.
             Slain by a two-headed ogre
             ... wielding a +0 giant club
              (12 damage)
             ... on level 6 of the Dungeon.
             The game lasted 00:05:02 (4635 turns).

BritishOli the Trooper (Demonspawn Fighter)         Turns: 4635, Time: 00:05:02

Health: -1/71      AC: 27    Str: 20    XL:     9   Next: 1%
Magic:  9/9        EV:  8    Int: 13    God:
Gold:   347        SH:  5    Dex: 13    Spells: 8/8 levels left

rFire   . . .        t - +4 hand axe "Leac Dots" {vamp, rElec SInv}
rCold   . . .        c - +0 buckler
rNeg    . . .        y - +8 chain mail {ponderous}
rPois   .            u - +2 helmet {Int+3}
rElec   +            (no cloak)
rCorr   .            (no gloves)
SInv    +            (no boots)
Will    .....        (no amulet) Stlth
                     (no ring)
HPRegen 0.31/turn    (no ring)
MPRegen 0.11/turn

%: no passive effects
@: mighty, sanguine armoured, studying Shapeshifting, slow
A: spiny 2, sanguine armour 1
a: no special abilities


You were on level 6 of the Dungeon.
You visited 1 branch of the dungeon, and saw 6 of its levels.

You collected 347 gold pieces.

Inventory:

Hand Weapons
 t - the +4 hand axe "Leac Dots" (weapon) {vamp, rElec SInv}
   (You found it on level 3 of the Dungeon)

   rElec:     It insulates you from electricity.
   SInv:      It lets you see invisible.
Missiles
 h - 3 javelins (quivered)
Armour
 c - a +0 buckler (worn)
 u - a +2 helmet of intelligence (worn)
 y - a +8 chain mail of ponderousness (worn)
Scrolls
 i - 3 scrolls of teleportation {unknown}
 j - 2 scrolls of summoning {unknown}
 k - a scroll of acquirement {unknown}
 m - 3 scrolls of enchant armour {unknown}
 n - 3 scrolls of identify {unknown}
 o - 3 scrolls of enchant weapon {unknown}
 q - 2 scrolls of revelation {unknown}
 r - 2 scrolls of vulnerability {unknown}
 s - 2 scrolls of fear {unknown}
 w - a scroll of silence {unknown}
 x - a scroll of noise {unknown}
Potions
 a - a potion of enlightenment {unknown}
 d - a potion of might
 e - 4 potions of mutation {unknown}
 f - 5 potions of curing {unknown}
 g - 2 potions of heal wounds {unknown}
 l - a potion of ambrosia {unknown}
 p - a potion of attraction {unknown}
 v - 2 potions of cancellation {unknown}


   Skills:
 + Level 6.4 Fighting
 * Level 6.2 Axes
 + Level 5.7 Armour
 + Level 2.5 Dodging
 - Level 5.0 Shields


You had 8 spell levels left.
You didn't know any spells.
Your spell library contained the following spells:

 Spells                   Type           Power      Damage    Failure   Level
 Ozocubu's Armour         Ice            0%         N/A       100%        3
 Metabolic Englaciation   Hex/Ice        0%         N/A       100%        5
 Simulacrum               Ice/Necr       0%         N/A       100%        6


Dungeon Overview and Level Annotations

Branches:
Dungeon (6/15)
 Temple: D:4-7

Altars:
Kikubaaqudgha
Okawaru
Uskayaw

Shops:
D:4 :

Annotations:
D:5 2 transporters


Innate Abilities, Weirdness & Mutations

You are mostly covered in sharp spines.
When seriously injured, your blood forms armour. (AC +6)


Message History

You hit the two-headed ogre.
The two-headed ogre is lightly wounded.
The two-headed ogre hits you but does no damage.
The two-headed ogre hits you with a +0 giant spiked club!
You hit the two-headed ogre.
You feel better.
The two-headed ogre is lightly wounded.
You hit the two-headed ogre but do no damage.
The two-headed ogre is lightly wounded.
The two-headed ogre hits you but does no damage.
The two-headed ogre closely misses you.
You hit the two-headed ogre but do no damage.
The two-headed ogre is lightly wounded.
The two-headed ogre hits you but does no damage.
The two-headed ogre closely misses you.
You aren't carrying any items that you can evoke.
Okay, then.
You hit the two-headed ogre but do no damage.
The two-headed ogre is lightly wounded.
You hit the two-headed ogre.
The two-headed ogre is moderately wounded.
You block the two-headed ogre's attack.
The two-headed ogre hits you with a +0 giant spiked club!!
* * * LOW HITPOINT WARNING * * *
You hit the two-headed ogre.
You feel better.
The two-headed ogre is moderately wounded.
The two-headed ogre hits you but does no damage.
The two-headed ogre hits you with a +0 giant spiked club.
* * * LOW HITPOINT WARNING * * *
You hit the two-headed ogre.
You feel better.
The two-headed ogre is moderately wounded.
You barely miss the two-headed ogre.
The two-headed ogre is moderately wounded.
You block the two-headed ogre's attack.
The two-headed ogre hits you with a +0 giant spiked club.
* * * LOW HITPOINT WARNING * * *
You hit the two-headed ogre but do no damage.
The two-headed ogre is moderately wounded.
You feel very mighty all of a sudden.
The two-headed ogre hits you with a +0 giant club!
You die...

.. ... ...#
#########
.......#.....#
..P..#.#.....#
....P..+.....#
.......#.....# ####
♣.P~~.O@.....# #...
..~♣~=...>...######
#.##
♣~~~♣##+#.......#
#.# P~~~♣~
#.......# #.# ~♣~ ~
#.......###'## ~~
~. #.......#..... .
~~ +#.......#.....
.♣.
...........#.....
...........#.....


You could see a two-headed ogre.

Vanquished Creatures
  An orc warrior (D:6)
  2 ogres (D:5)
  A centaur (D:6)
  2 phantoms (D:5)
  6 scorpions
  A water moccasin zombie (D:5)
  A water moccasin skeleton (D:5)
  A centaur zombie (D:5)
  2 jellies (D:5)
  4 orc priests
  A bullfrog skeleton (D:5)
  5 hounds
  3 sleepcaps (D:5)
  2 iguanas
  2 scorpion zombies (D:5)
  9 orc wizards
  2 hound zombies (D:5)
  A gnoll (D:3)
  6 adders
  3 white imps (D:6)
  2 ufetubi (D:5)
  2 dart slugs (D:4)
  17 orcs
  7 bats
  6 endoplasms
  2 giant cockroaches
  5 hobgoblins
  3 jackals (D:4)
  11 kobolds
  6 quokkas
  10 ball pythons
  8 frilled lizards
  9 goblins
  3 rats
146 creatures vanquished.

Notes
Turn   | Place    | Note
-------+----------+-------------------------------------------
     0 | D:1      | BritishOli the Demonspawn Fighter began the quest for the
                  | Orb.
     0 | D:1      | Reached XP level 1. HP: 18/18 MP: 1/1
   171 | D:1      | Gained mutation: You are partially covered in sharp spines.
                  | [demonic ancestry]
   171 | D:1      | Reached XP level 2. HP: 22/24 MP: 2/2
   622 | D:1      | Gained mutation: You are mostly covered in sharp spines.
                  | [demonic ancestry]
   622 | D:1      | Reached XP level 3. HP: 29/29 MP: 3/3
  1784 | D:3      | Reached XP level 4. HP: 35/35 MP: 4/4
  2008 | D:3      | Reached XP level 5. HP: 39/42 MP: 5/5
  2061 | D:3      | Identified the +4 hand axe "Leac Dots" {vamp, rElec SInv}
  2564 | D:4      | Gained mutation: When seriously injured, your blood forms
                  | armour. (AC +6) [demonic ancestry]
  2564 | D:4      | Reached XP level 6. HP: 39/48 MP: 6/6
  2991 | D:4      | Found Qummomao's Vocational Training.
  3099 | D:4      | Found a hide-covered altar of Uskayaw.
  3264 | D:5      | Entered Level 5 of the Dungeon
  3309 | D:5      | Reached XP level 7. HP: 36/55 MP: 7/7
  3403 | D:5      | Reached skill level 5 in Fighting
  3605 | D:5      | Found a transporter.
  3649 | D:5      | Reached skill level 5 in Armour
  3649 | D:5      | Reached skill level 5 in Shields
  3649 | D:5      | Reached XP level 8. HP: 61/63 MP: 8/8
  3681 | D:5      | Reached skill level 5 in Axes
  3681 | D:5      | Reached skill level 1 in Dodging
  3767 | D:5      | HP: 2/64 [orc priest/divine providence (14)]
  3942 | D:5      | Found a transporter.
  4016 | D:5      | Found an ancient bone altar of Kikubaaqudgha.
  4016 | D:5      | Found an iron altar of Okawaru.
  4424 | D:6      | Reached XP level 9. HP: 55/71 MP: 9/9
  4621 | D:6      | Noticed a two-headed ogre
  4635 | D:6      | Slain by a two-headed ogre

Illustrated notes

Levels and vault maps discovered:
D:1:      dpeg_arrival_long_road, layout_loops_corners
D:2:      layout_loops_ring, grunt_ministairs_12, minmay_strange_pillars
D:3:      layout_loops_ring, cheibrodos_gnoll_hut
D:4:      layout_loops_ring, nicolae_overflow_crystal_walls,
          nicolae_shop_vocational
D:5:      gammafunk_cloud_chamber, layout_rooms, jmf_multi_god_temple,
          zin_scriptorium, serial_undead, serial_undead_e, serial_undead_d,
          serial_undead_b, serial_undead_a
D:6:      old_forge, layout_basic, serial_bayou_pond_a, pf_guarded_unrand_meek

Skill      XL: |  1  2  3  4  5  6  7  8 |
---------------+-------------------------+-----
Axes           | 2 3 4 6 |  6.2
Shields        | 3 4 5 |  5.0
Armour         | 3 4 5 |  5.7
Fighting       | 4 5 6 |  6.4
Dodging        | 2 |  2.5

Action                     |  1- 3 |  4- 6 |  7- 9 || total
---------------------------+-------+-------+-------++-------
  Melee: War axe           |    90 |    23 |       ||   113
         Hand axe          |       |    72 |   157 ||   229
    Use: Potion            |       |       |     1 ||     1
 Armour: Scale mail        |    37 |    32 |    59 ||   128
         Chain mail        |       |       |    20 ||    20
  Dodge: Dodged            |    31 |    40 |    71 ||   142
  Block: Buckler           |    24 |    24 |    41 ||    89

Table legend: (Time is in decaauts)
 A = Elapsed time spent in this place.
 B = Non-inter-level travel time spent in this place.
 C = Inter-level travel time spent in this place.
 D = Time resting spent in this place.
 E = Time spent auto-exploring this place.
 F = Levels seen in this place.
 G = Mean time per level.
                   A        B        C        D        E       F      G
               +--------+--------+--------+--------+--------+-----+--------+
         Total |   4731 |   4554 |    177 |    203 |   3524 |   6 |  788.5 |
       Dungeon |   4731 |   4554 |    177 |    203 |   3524 |   6 |  788.5 |
               +--------+--------+--------+--------+--------+-----+--------+

Top non-repeatable levels by time:
     D:1: 1035 daAuts
     D:5: 1021 daAuts
     D:3: 815 daAuts
     D:2: 761 daAuts
     D:4: 711 daAuts
     D:6: 386 daAuts
